[ AOE2 MATCH · #469488170 ]
UnrankedHuns vs Persians
[ REPLAY ANALYSIS · EXTRACTED FROM THE RECORDED GAME ]
Feudal
10:06
Castle
13:46
Imperial
29:16
| APM avg | 44.3 |
| APM peak | 114 |
| eAPM avg | 26.0 |
| Villagers / military | 154 / 348 |
Focus
⚔️ 28.8% · 🌾 71.2%
Tarkan ×347 · Monk ×1
Feudal
12:06
Castle
20:23
Imperial
32:51
| APM avg | 34.9 |
| APM peak | 73 |
| eAPM avg | 16.8 |
| Villagers / military | 104 / 67 |
Focus
⚔️ 19.6% · 🌾 80.4%
Spearman ×30 · Knight ×11 · Hussite Wagon ×10 · Bombard Cannon ×8 · Trade Cart ×5 · Battering Ram ×3
Feudal
12:19
Castle
17:27
Imperial
31:45
| APM avg | 30.9 |
| APM peak | 59 |
| eAPM avg | 17.3 |
| Villagers / military | 144 / 32 |
Focus
⚔️ 12.2% · 🌾 87.8%
Scorpion ×24 · War Elephant ×8
Feudal
11:08
Castle
22:37
Imperial
—
| APM avg | 19.3 |
| APM peak | 74 |
| eAPM avg | 6.9 |
| Villagers / military | 95 / 19 |
Focus
⚔️ 11.8% · 🌾 88.2%
Spearman ×19
Feudal
13:36
Castle
20:53
Imperial
33:13
| APM avg | 12.4 |
| APM peak | 36 |
| eAPM avg | 10.5 |
| Villagers / military | 147 / 57 |
Focus
⚔️ 14.4% · 🌾 85.6%
Scorpion ×49 · Trade Cart ×35 · Scout Cavalry ×5 · Trebuchet (Packed) ×3
Feudal
10:33
Castle
18:49
Imperial
32:52
| APM avg | 19.3 |
| APM peak | 63 |
| eAPM avg | 10.9 |
| Villagers / military | 120 / 75 |
Focus
⚔️ 15.3% · 🌾 84.7%
Elephant Archer ×48 · Urumi Swordsman ×15 · Spearman ×8 · Monk ×4
Feudal
11:10
Castle
17:51
Imperial
29:04
| APM avg | 10.8 |
| APM peak | 23 |
| eAPM avg | 9.2 |
| Villagers / military | 99 / 75 |
Focus
⚔️ 18.3% · 🌾 81.7%
Teutonic Knight ×29 · Knight ×26 · Skirmisher ×20 · Trade Cart ×2
Feudal
10:24
Castle
19:46
Imperial
37:18
| APM avg | 18.5 |
| APM peak | 49 |
| eAPM avg | 13.0 |
| Villagers / military | 134 / 71 |
Focus
⚔️ 28.2% · 🌾 71.8%
Longbowman ×71
Match map
Initial resources + every placement click. Lines = walls · curves = elevation contours. ◆ gold · ⬟ stone · ● berries · ✦ relic · ◌ wall gap
Your base· ✓ Closed at 13:46 · 0t walls · 2 gate(s)
marcselo61280's base· ✓ Closed at 20:23 · 0t walls · 2 gate(s)
...Patria_y_Vida...'s base· ✓ Closed at 17:27 · 0t walls · 2 gate(s)
POMADA's base· ✓ Closed at 22:37 · 0t walls · 2 gate(s)
Gothmog's base· ✓ Closed at 20:53 · 0t walls · 2 gate(s)
Resident Evil's base· ✓ Closed at 18:49 · 0t walls · 2 gate(s)
肆人帮's base· ✓ Closed at 17:51 · 0t walls · 2 gate(s)
alexei's base· ✓ Closed at 19:46 · 40t walls · 2 gate(s)
Smoothed initial terrain · ◌ = detected wall gap · hover for details
Inputs per minute
— 杀手皇后 - - marcselo61280
Build order — 杀手皇后
First 150 of 451 actions detected
| 0:00 | Queue | Villager (Male) |
| 0:01 | Queue | Villager (Male) |
| 0:22 | Queue | Villager (Male) |
| 0:33 | Queue | Villager (Male) |
| 1:15 | Queue | Villager (Male) |
| 1:15 | Queue | Villager (Male) |
| 1:49 | Queue | Villager (Male) |
| 2:03 | Build | Lumber Camp |
| 2:16 | Queue | Villager (Male) |
| 2:53 | Queue | Villager (Male) |
| 2:53 | Queue | Villager (Male) |
| 2:53 | Queue | Villager (Male) |
| 3:05 | Queue | Villager (Male) |
| 3:46 | Queue | Villager (Male) |
| 3:57 | Queue | Villager (Male) |
| 4:35 | Queue | Villager (Male) |
| 4:35 | Queue | Villager (Male) |
| 4:40 | Queue | Villager (Male) |
| 5:08 | Build | Mill |
| 5:50 | Queue | Villager (Male) |
| 5:50 | Queue | Villager (Male) |
| 6:47 | Queue | Villager (Male) |
| 7:18 | Queue | Villager (Male) |
| 7:34 | Research | Feudal Age |
| 7:34 | Research | Feudal Age |
| 9:45 | Build | Farm |
| 10:06 | Age | Feudal Age |
| 10:07 | Queue | Villager (Male) |
| 10:07 | Queue | Villager (Male) |
| 10:09 | Build | Market |
| 10:12 | Build | Blacksmith |
| 11:00 | Research | Loom |
| 11:06 | Research | Castle Age |
| 11:06 | Research | Castle Age |
| 11:06 | Research | Castle Age |
| 11:53 | Research | Double-Bit Axe |
| 11:54 | Research | Double-Bit Axe |
| 12:39 | Research | Horse Collar |
| 12:46 | Build | Farm |
| 12:47 | Build | Farm |
| 12:53 | Build | Farm |
| 13:03 | Queue | Villager (Male) |
| 13:42 | Queue | Villager (Male) |
| 13:46 | Age | Castle Age |
| 13:50 | Build | Town Center |
| 13:53 | Build | Town Center |
| 14:17 | Queue | Villager (Male) |
| 14:34 | Queue | Villager (Male) |
| 14:38 | Build | Farm |
| 14:50 | Build | Farm |
| 14:53 | Build | Farm |
| 14:57 | Build | Farm |
| 15:01 | Build | Farm |
| 15:03 | Queue | Villager (Male) |
| 15:05 | Build | Farm |
| 15:15 | Build | Mining Camp |
| 15:16 | Queue | Villager (Male) |
| 15:19 | Build | Farm |
| 15:24 | Queue | Villager (Male) |
| 15:26 | Build | Farm |
| 15:39 | Build | Farm |
| 15:44 | Queue | Villager (Male) |
| 15:47 | Build | Farm |
| 15:56 | Queue | Villager (Male) |
| 15:56 | Queue | Villager (Male) |
| 16:01 | Build | Farm |
| 16:09 | Build | Farm |
| 16:11 | Queue | Villager (Male) |
| 16:22 | Build | Farm |
| 16:23 | Queue | Villager (Male) |
| 16:31 | Build | Farm |
| 16:36 | Queue | Villager (Male) |
| 16:36 | Queue | Villager (Male) |
| 16:44 | Build | Farm |
| 16:45 | Queue | Villager (Male) |
| 16:45 | Queue | Villager (Male) |
| 16:50 | Queue | Villager (Male) |
| 16:50 | Queue | Villager (Male) |
| 16:56 | Build | Farm |
| 17:05 | Queue | Villager (Male) |
| 17:05 | Queue | Villager (Male) |
| 17:08 | Build | Farm |
| 17:11 | Queue | Villager (Male) |
| 17:18 | Build | Farm |
| 17:19 | Queue | Villager (Male) |
| 17:19 | Queue | Villager (Male) |
| 17:25 | Queue | Villager (Male) |
| 17:25 | Queue | Villager (Male) |
| 17:31 | Build | Farm |
| 17:35 | Queue | Villager (Male) |
| 17:35 | Queue | Villager (Male) |
| 17:43 | Queue | Villager (Male) |
| 17:44 | Queue | Villager (Male) |
| 17:48 | Queue | Villager (Male) |
| 17:48 | Queue | Villager (Male) |
| 17:55 | Queue | Villager (Male) |
| 17:55 | Queue | Villager (Male) |
| 18:00 | Build | Farm |
| 18:09 | Queue | Villager (Male) |
| 18:09 | Queue | Villager (Male) |
| 18:15 | Queue | Villager (Male) |
| 18:15 | Queue | Villager (Male) |
| 18:17 | Queue | Villager (Male) |
| 18:17 | Queue | Villager (Male) |
| 18:22 | Build | Farm |
| 18:24 | Queue | Villager (Male) |
| 18:24 | Queue | Villager (Male) |
| 18:41 | Build | Town Center |
| 18:44 | Queue | Villager (Male) |
| 18:48 | Build | Farm |
| 18:49 | Queue | Villager (Male) |
| 18:52 | Queue | Villager (Male) |
| 18:54 | Build | Farm |
| 18:55 | Queue | Villager (Male) |
| 19:04 | Queue | Villager (Male) |
| 19:09 | Build | Farm |
| 19:10 | Queue | Villager (Male) |
| 19:15 | Queue | Villager (Male) |
| 19:18 | Build | Farm |
| 19:31 | Research | Wheelbarrow |
| 19:32 | Research | Wheelbarrow |
| 19:39 | Queue | Villager (Male) |
| 19:43 | Build | Farm |
| 19:46 | Queue | Villager (Male) |
| 19:47 | Build | Farm |
| 20:04 | Queue | Villager (Male) |
| 20:05 | Queue | Villager (Male) |
| 20:07 | Queue | Villager (Male) |
| 20:09 | Queue | Villager (Male) |
| 20:16 | Queue | Villager (Male) |
| 20:21 | Queue | Villager (Male) |
| 20:30 | Build | Town Center |
| 20:34 | Queue | Villager (Male) |
| 20:39 | Build | Farm |
| 20:42 | Queue | Villager (Male) |
| 20:50 | Build | Farm |
| 20:50 | Queue | Villager (Male) |
| 20:53 | Build | Farm |
| 20:55 | Queue | Villager (Male) |
| 20:59 | Build | Farm |
| 21:00 | Queue | Villager (Male) |
| 21:06 | Queue | Villager (Male) |
| 21:10 | Build | Farm |
| 21:11 | Build | Farm |
| 21:13 | Queue | Villager (Male) |
| 21:16 | Queue | Villager (Male) |
| 21:20 | Build | Farm |
| 21:21 | Queue | Villager (Male) |
| 21:27 | Queue | Villager (Male) |
| 21:33 | Build | Farm |
Build order — marcselo61280
First 150 of 262 actions detected
| 0:05 | Queue | Villager (Male) |
| 0:05 | Queue | Villager (Male) |
| 0:05 | Queue | Villager (Male) |
| 0:06 | Queue | Villager (Male) |
| 0:07 | Build | House |
| 0:09 | Build | House |
| 0:17 | Research | Loom |
| 2:07 | Queue | Villager (Male) |
| 2:07 | Queue | Villager (Male) |
| 2:08 | Queue | Villager (Male) |
| 2:44 | Queue | Villager (Male) |
| 2:45 | Queue | Villager (Male) |
| 2:45 | Queue | Villager (Male) |
| 2:59 | Build | Lumber Camp |
| 3:47 | Queue | Villager (Male) |
| 3:47 | Queue | Villager (Male) |
| 3:48 | Queue | Villager (Male) |
| 3:48 | Queue | Villager (Male) |
| 3:58 | Queue | Villager (Male) |
| 3:58 | Queue | Villager (Male) |
| 4:07 | Build | House |
| 4:08 | Build | House |
| 4:44 | Queue | Villager (Male) |
| 4:45 | Queue | Villager (Male) |
| 5:32 | Queue | Villager (Male) |
| 5:33 | Queue | Villager (Male) |
| 5:33 | Queue | Villager (Male) |
| 5:34 | Queue | Villager (Male) |
| 6:27 | Queue | Villager (Male) |
| 6:27 | Queue | Villager (Male) |
| 6:27 | Queue | Villager (Male) |
| 7:10 | Queue | Villager (Male) |
| 7:10 | Queue | Villager (Male) |
| 7:10 | Queue | Villager (Male) |
| 7:23 | Queue | Villager (Male) |
| 7:23 | Queue | Villager (Male) |
| 7:45 | Build | Mining Camp |
| 8:30 | Build | Mill |
| 9:56 | Research | Feudal Age |
| 11:14 | Queue | Villager (Male) |
| 11:14 | Queue | Villager (Male) |
| 11:14 | Queue | Villager (Male) |
| 12:06 | Age | Feudal Age |
| 12:17 | Queue | Villager (Male) |
| 12:17 | Queue | Villager (Male) |
| 12:17 | Queue | Villager (Male) |
| 12:18 | Queue | Villager (Male) |
| 12:24 | Research | Double-Bit Axe |
| 12:33 | Build | Market |
| 12:37 | Build | Blacksmith |
| 12:44 | Build | Mining Camp |
| 12:51 | Build | Farm |
| 12:52 | Build | Farm |
| 12:54 | Build | Farm |
| 12:55 | Build | Farm |
| 12:57 | Build | Farm |
| 12:59 | Build | Farm |
| 13:02 | Build | Farm |
| 13:25 | Build | Farm |
| 13:36 | Build | House |
| 13:37 | Build | House |
| 13:39 | Queue | Villager (Male) |
| 13:39 | Queue | Villager (Male) |
| 13:40 | Queue | Villager (Male) |
| 14:03 | Build | Farm |
| 14:54 | Build | Farm |
| 15:00 | Build | Farm |
| 15:04 | Build | Farm |
| 15:09 | Build | Farm |
| 15:14 | Build | Farm |
| 15:20 | Build | Farm |
| 15:23 | Build | Farm |
| 15:32 | Queue | Villager (Male) |
| 15:32 | Queue | Villager (Male) |
| 15:33 | Queue | Villager (Male) |
| 15:33 | Queue | Villager (Male) |
| 15:40 | Build | House |
| 16:39 | Build | House |
| 17:28 | Research | Castle Age |
| 17:43 | Research | Horse Collar |
| 18:06 | Build | Barracks |
| 18:12 | Queue | Villager (Male) |
| 18:12 | Queue | Villager (Male) |
| 18:13 | Queue | Villager (Male) |
| 18:32 | Queue | Trade Cart |
| 19:45 | Build | Stable |
| 19:48 | Queue | Spearman |
| 19:48 | Queue | Spearman |
| 19:48 | Queue | Spearman |
| 20:23 | Age | Castle Age |
| 20:35 | Build | Castle |
| 20:40 | Research | Pikeman (upgrade) |
| 20:44 | Queue | Knight |
| 20:45 | Queue | Knight |
| 20:45 | Queue | Knight |
| 20:45 | Queue | Knight |
| 20:45 | Queue | Knight |
| 20:49 | Queue | Villager (Male) |
| 20:49 | Queue | Villager (Male) |
| 21:23 | Queue | Knight |
| 21:23 | Queue | Knight |
| 21:24 | Queue | Knight |
| 21:30 | Research | Squires |
| 21:41 | Queue | Knight |
| 21:50 | Build | House |
| 21:51 | Build | House |
| 22:05 | Research | Bow Saw |
| 22:12 | Queue | Villager (Male) |
| 22:12 | Queue | Villager (Male) |
| 22:13 | Queue | Villager (Male) |
| 22:33 | Queue | Knight |
| 22:43 | Queue | Knight |
| 22:47 | Build | Mining Camp |
| 22:50 | Queue | Petard |
| 22:51 | Queue | Petard |
| 22:58 | Research | Husbandry |
| 23:07 | Queue | Villager (Male) |
| 23:07 | Queue | Villager (Male) |
| 23:08 | Queue | Villager (Male) |
| 23:58 | Queue | Villager (Male) |
| 23:58 | Queue | Villager (Male) |
| 23:58 | Queue | Villager (Male) |
| 24:23 | Build | Siege Workshop |
| 24:34 | Queue | Hussite Wagon |
| 24:34 | Queue | Hussite Wagon |
| 24:34 | Queue | Hussite Wagon |
| 24:43 | Build | Gate |
| 25:16 | Queue | Villager (Male) |
| 25:16 | Queue | Villager (Male) |
| 25:16 | Queue | Villager (Male) |
| 25:53 | Queue | Battering Ram |
| 25:54 | Queue | Battering Ram |
| 26:19 | Build | Stone Wall |
| 26:39 | Queue | Battering Ram |
| 26:47 | Build | Mining Camp |
| 26:56 | Build | Stone Wall |
| 27:19 | Queue | Villager (Male) |
| 27:20 | Queue | Villager (Male) |
| 27:20 | Queue | Villager (Male) |
| 27:28 | Build | University |
| 27:29 | Queue | Villager (Male) |
| 27:29 | Queue | Villager (Male) |
| 27:30 | Queue | Villager (Male) |
| 27:30 | Queue | Villager (Male) |
| 28:19 | Build | Town Center |
| 28:38 | Queue | Villager (Male) |
| 28:38 | Queue | Villager (Male) |
| 28:56 | Build | Lumber Camp |
| 29:34 | Research | Imperial Age |
| 30:03 | Build | Town Center |
Build order — ...Patria_y_Vida...
First 150 of 310 actions detected
| 0:02 | Queue | Villager (Male) |
| 0:02 | Queue | Villager (Male) |
| 0:08 | Build | House |
| 0:09 | Build | House |
| 0:26 | Queue | Villager (Male) |
| 0:27 | Queue | Villager (Male) |
| 0:49 | Queue | Villager (Male) |
| 1:01 | Build | House |
| 1:02 | Build | House |
| 1:28 | Queue | Villager (Male) |
| 1:28 | Queue | Villager (Male) |
| 2:07 | Queue | Villager (Male) |
| 2:08 | Queue | Villager (Male) |
| 2:44 | Queue | Villager (Male) |
| 3:04 | Queue | Villager (Male) |
| 3:04 | Queue | Villager (Male) |
| 3:17 | Queue | Villager (Male) |
| 3:58 | Queue | Villager (Male) |
| 3:58 | Queue | Villager (Male) |
| 4:53 | Queue | Villager (Male) |
| 4:54 | Queue | Villager (Male) |
| 5:19 | Queue | Villager (Male) |
| 5:43 | Queue | Villager (Male) |
| 5:43 | Queue | Villager (Male) |
| 5:53 | Build | Mill |
| 6:16 | Queue | Villager (Male) |
| 6:16 | Queue | Villager (Male) |
| 7:34 | Queue | Villager (Male) |
| 7:34 | Queue | Villager (Male) |
| 8:11 | Queue | Villager (Male) |
| 8:43 | Build | Lumber Camp |
| 8:57 | Queue | Villager (Male) |
| 8:58 | Queue | Villager (Male) |
| 9:31 | Queue | Villager (Male) |
| 9:59 | Build | House |
| 10:13 | Research | Feudal Age |
| 10:55 | Build | Mill |
| 11:28 | Build | Mining Camp |
| 11:35 | Queue | Villager (Male) |
| 11:35 | Queue | Villager (Male) |
| 11:36 | Queue | Villager (Male) |
| 11:52 | Queue | Villager (Male) |
| 11:53 | Queue | Villager (Male) |
| 12:19 | Age | Feudal Age |
| 12:39 | Build | Market |
| 12:42 | Build | Blacksmith |
| 12:50 | Build | Farm |
| 13:07 | Build | Farm |
| 13:34 | Build | Farm |
| 13:53 | Build | Farm |
| 14:17 | Build | Farm |
| 14:21 | Queue | Villager (Male) |
| 14:46 | Build | House |
| 14:47 | Build | House |
| 14:48 | Build | House |
| 15:01 | Research | Castle Age |
| 15:01 | Research | Castle Age |
| 15:09 | Build | Mining Camp |
| 15:36 | Build | Farm |
| 15:37 | Build | Farm |
| 15:38 | Build | Farm |
| 15:40 | Build | Farm |
| 15:43 | Build | Farm |
| 16:03 | Queue | Villager (Male) |
| 16:03 | Queue | Villager (Male) |
| 16:03 | Queue | Villager (Male) |
| 16:10 | Research | Horse Collar |
| 16:30 | Research | Double-Bit Axe |
| 16:35 | Build | House |
| 16:37 | Build | House |
| 16:48 | Queue | Villager (Male) |
| 16:48 | Queue | Villager (Male) |
| 17:27 | Queue | Villager (Male) |
| 17:27 | Age | Castle Age |
| 17:27 | Queue | Villager (Male) |
| 17:27 | Queue | Villager (Male) |
| 17:44 | Build | Town Center |
| 17:57 | Queue | Villager (Male) |
| 18:16 | Queue | Villager (Male) |
| 18:40 | Research | Heavy Plow |
| 19:29 | Build | Town Center |
| 19:33 | Queue | Villager (Male) |
| 19:33 | Queue | Villager (Male) |
| 19:33 | Queue | Villager (Male) |
| 19:33 | Queue | Villager (Male) |
| 20:03 | Build | Farm |
| 20:08 | Queue | Villager (Male) |
| 20:08 | Queue | Villager (Male) |
| 20:15 | Build | Farm |
| 20:20 | Build | Farm |
| 20:22 | Queue | Villager (Male) |
| 20:42 | Build | Farm |
| 20:46 | Queue | Villager (Male) |
| 20:46 | Queue | Villager (Male) |
| 21:03 | Queue | Villager (Male) |
| 21:03 | Queue | Villager (Male) |
| 21:09 | Queue | Villager (Male) |
| 21:15 | Build | Farm |
| 21:16 | Build | Farm |
| 21:17 | Build | Farm |
| 21:22 | Build | Farm |
| 21:25 | Queue | Villager (Male) |
| 21:42 | Queue | Villager (Male) |
| 21:42 | Queue | Villager (Male) |
| 21:50 | Build | Farm |
| 21:53 | Queue | Villager (Male) |
| 21:54 | Queue | Villager (Male) |
| 21:54 | Queue | Villager (Male) |
| 22:08 | Build | Lumber Camp |
| 22:15 | Queue | Villager (Male) |
| 22:16 | Queue | Villager (Male) |
| 22:19 | Queue | Villager (Male) |
| 22:19 | Queue | Villager (Male) |
| 22:31 | Queue | Villager (Male) |
| 22:35 | Queue | Villager (Male) |
| 22:35 | Queue | Villager (Male) |
| 22:46 | Build | Farm |
| 22:53 | Build | Farm |
| 22:59 | Queue | Villager (Male) |
| 22:59 | Queue | Villager (Male) |
| 23:02 | Queue | Villager (Male) |
| 23:02 | Queue | Villager (Male) |
| 23:02 | Queue | Villager (Male) |
| 23:10 | Build | Farm |
| 23:15 | Queue | Villager (Male) |
| 23:16 | Queue | Villager (Male) |
| 23:19 | Build | Farm |
| 23:26 | Build | Farm |
| 23:28 | Queue | Villager (Male) |
| 23:30 | Queue | Villager (Male) |
| 23:33 | Queue | Villager (Male) |
| 23:36 | Build | Farm |
| 23:53 | Queue | Villager (Male) |
| 23:53 | Queue | Villager (Male) |
| 24:04 | Build | Farm |
| 24:08 | Build | Farm |
| 24:10 | Queue | Villager (Male) |
| 24:11 | Queue | Villager (Male) |
| 24:13 | Build | Farm |
| 24:14 | Build | Farm |
| 24:25 | Build | House |
| 24:26 | Build | House |
| 24:27 | Build | House |
| 24:28 | Build | House |
| 24:29 | Build | House |
| 24:32 | Build | House |
| 24:57 | Queue | Villager (Male) |
| 24:58 | Queue | Villager (Male) |
| 25:01 | Queue | Villager (Male) |
| 25:03 | Queue | Villager (Male) |
Build order — POMADA
143 actions detected in the replay
| 0:08 | Build | House |
| 0:09 | Build | House |
| 0:15 | Queue | Villager (Male) ×4 |
| 0:15 | Queue | Villager (Male) ×4 |
| 1:51 | Queue | Villager (Male) |
| 1:51 | Queue | Villager (Male) |
| 2:03 | Queue | Villager (Male) |
| 2:03 | Queue | Villager (Male) |
| 2:21 | Queue | Villager (Male) |
| 2:21 | Queue | Villager (Male) |
| 3:07 | Build | House |
| 3:09 | Build | House |
| 3:16 | Queue | Villager (Male) ×2 |
| 3:16 | Queue | Villager (Male) ×2 |
| 3:46 | Queue | Villager (Male) |
| 3:46 | Queue | Villager (Male) |
| 4:08 | Queue | Villager (Male) |
| 4:08 | Queue | Villager (Male) |
| 4:36 | Queue | Villager (Male) |
| 4:36 | Queue | Villager (Male) |
| 5:49 | Build | Lumber Camp |
| 5:55 | Queue | Villager (Male) |
| 5:55 | Queue | Villager (Male) |
| 6:28 | Queue | Villager (Male) ×5 |
| 6:43 | Queue | Villager (Male) |
| 7:28 | Build | Mill |
| 8:16 | Build | House |
| 8:17 | Build | House |
| 8:40 | Research | Feudal Age |
| 11:08 | Age | Feudal Age |
| 11:09 | Research | Wheelbarrow |
| 11:12 | Research | Double-Bit Axe |
| 11:16 | Research | Horse Collar |
| 11:24 | Build | Mining Camp |
| 11:28 | Queue | Villager (Male) ×2 |
| 11:43 | Build | Market |
| 11:54 | Build | Blacksmith |
| 12:02 | Queue | Villager (Male) |
| 12:33 | Build | Farm |
| 12:34 | Build | Farm |
| 12:51 | Build | Farm |
| 13:02 | Build | Farm |
| 13:26 | Build | Farm |
| 13:28 | Queue | Villager (Male) ×3 |
| 13:45 | Build | Farm |
| 13:59 | Queue | Villager (Male) |
| 14:12 | Build | Farm |
| 14:40 | Build | Farm |
| 14:47 | Research | Gold Mining |
| 15:01 | Build | Farm |
| 15:15 | Queue | Villager (Male) |
| 15:15 | Queue | Villager (Male) |
| 15:26 | Build | Farm |
| 15:30 | Queue | Villager (Male) |
| 15:55 | Build | Farm |
| 15:57 | Queue | Villager (Male) |
| 15:57 | Queue | Villager (Male) |
| 16:14 | Build | Farm |
| 16:32 | Build | House |
| 16:33 | Build | House |
| 16:35 | Build | House |
| 16:46 | Build | Farm |
| 16:49 | Queue | Villager (Male) ×3 |
| 17:10 | Build | Farm |
| 17:39 | Build | Farm |
| 17:41 | Queue | Villager (Male) |
| 17:57 | Build | Farm |
| 18:07 | Build | Farm |
| 18:15 | Research | Stone Mining |
| 18:30 | Build | Farm |
| 18:33 | Queue | Villager (Male) |
| 18:33 | Queue | Villager (Male) |
| 18:45 | Build | Farm |
| 18:59 | Build | Farm |
| 19:01 | Build | Farm |
| 19:13 | Build | Farm |
| 19:35 | Build | Farm |
| 19:57 | Research | Castle Age |
| 21:35 | Build | Mining Camp |
| 22:37 | Age | Castle Age |
| 22:40 | Research | Gold Shaft Mining |
| 22:43 | Research | Stone Shaft Mining |
| 22:45 | Research | Hand Cart |
| 22:49 | Research | Heavy Plow |
| 22:53 | Research | Bow Saw |
| 23:27 | Build | Town Center |
| 23:33 | Queue | Villager (Male) ×5 |
| 23:39 | Queue | Villager (Male) ×5 |
| 24:43 | Build | Town Center |
| 25:42 | Build | Stone Wall |
| 26:31 | Queue | Villager (Male) ×5 |
| 26:43 | Queue | Villager (Male) |
| 27:08 | Build | Barracks |
| 27:10 | Build | Barracks |
| 28:00 | Research | Forging |
| 28:00 | Research | Scale Mail Armor |
| 29:23 | Build | Mining Camp |
| 29:28 | Queue | Villager (Male) |
| 29:28 | Queue | Villager (Male) |
| 29:29 | Queue | Villager (Male) |
| 29:29 | Queue | Villager (Male) |
| 29:29 | Queue | Villager (Male) |
| 29:29 | Queue | Villager (Male) |
| 29:29 | Queue | Villager (Male) |
| 29:30 | Queue | Villager (Male) |
| 31:09 | Build | House |
| 31:10 | Build | House |
| 31:11 | Build | House |
| 31:12 | Build | House |
| 31:14 | Build | House |
| 31:15 | Build | House |
| 31:45 | Queue | Villager (Male) |
| 32:33 | Build | Mining Camp |
| 32:40 | Queue | Villager (Male) ×5 |
| 33:00 | Build | Farm |
| 33:11 | Build | Stone Wall |
| 33:27 | Build | Farm |
| 33:31 | Queue | Villager (Male) |
| 33:55 | Build | Farm |
| 34:00 | Queue | Villager (Male) |
| 34:05 | Research | Squires |
| 34:08 | Research | Pikeman (upgrade) |
| 34:18 | Build | Farm |
| 34:41 | Build | Gate |
| 35:15 | Build | Mining Camp |
| 35:22 | Build | Farm |
| 35:41 | Build | Farm |
| 35:50 | Build | Barracks |
| 35:52 | Build | Barracks |
| 35:53 | Build | Barracks |
| 35:55 | Build | Barracks |
| 35:57 | Build | Barracks |
| 35:58 | Build | Barracks |
| 36:26 | Build | Farm |
| 36:58 | Queue | Spearman ×5 |
| 36:58 | Queue | Spearman ×5 |
| 36:58 | Queue | Spearman ×5 |
| 36:58 | Queue | Spearman ×4 |
| 38:05 | Build | Town Center |
| 39:42 | Queue | Villager (Male) ×5 |
| 39:42 | Queue | Villager (Male) ×5 |
| 39:42 | Queue | Villager (Male) ×3 |
| 40:41 | Build | Farm |
Build order — Gothmog
First 150 of 325 actions detected
| 0:17 | Build | House |
| 0:19 | Build | House |
| 0:20 | Queue | Villager (Male) |
| 0:20 | Queue | Villager (Male) |
| 0:20 | Queue | Villager (Male) |
| 0:22 | Build | House |
| 0:42 | Queue | Villager (Male) |
| 1:45 | Queue | Villager (Male) |
| 2:23 | Queue | Villager (Male) |
| 2:25 | Build | Lumber Camp |
| 2:41 | Queue | Villager (Male) |
| 3:21 | Queue | Villager (Male) |
| 3:21 | Queue | Villager (Male) |
| 3:29 | Research | Loom |
| 3:37 | Queue | Villager (Male) |
| 4:19 | Queue | Villager (Male) |
| 5:30 | Queue | Villager (Male) |
| 5:30 | Queue | Villager (Male) |
| 5:32 | Queue | Villager (Male) |
| 5:39 | Build | Mill |
| 5:56 | Queue | Villager (Male) |
| 5:57 | Queue | Villager (Male) |
| 6:20 | Queue | Villager (Male) |
| 6:20 | Queue | Villager (Male) |
| 7:21 | Queue | Villager (Male) |
| 7:47 | Queue | Villager (Male) |
| 7:49 | Queue | Villager (Male) |
| 8:05 | Build | House |
| 8:07 | Build | House |
| 8:08 | Build | House |
| 8:09 | Build | House |
| 8:11 | Build | House |
| 9:10 | Queue | Villager (Male) |
| 9:29 | Queue | Villager (Male) |
| 9:57 | Build | Mill |
| 10:01 | Queue | Villager (Male) |
| 10:05 | Queue | Villager (Male) |
| 10:51 | Research | Feudal Age |
| 11:06 | Build | Mining Camp |
| 11:28 | Queue | Villager (Male) |
| 11:29 | Queue | Villager (Male) |
| 11:51 | Queue | Villager (Male) |
| 12:32 | Build | House |
| 12:33 | Build | House |
| 12:37 | Build | House |
| 12:38 | Build | House |
| 13:36 | Age | Feudal Age |
| 13:57 | Research | Horse Collar |
| 14:00 | Research | Double-Bit Axe |
| 14:03 | Research | Wheelbarrow |
| 14:18 | Build | Blacksmith |
| 14:21 | Queue | Villager (Male) |
| 14:22 | Queue | Villager (Male) |
| 14:28 | Build | Farm |
| 14:28 | Build | Farm |
| 14:28 | Build | Farm |
| 14:29 | Build | Farm |
| 14:29 | Build | Farm |
| 14:32 | Build | Farm |
| 14:33 | Build | Farm |
| 14:34 | Build | Farm |
| 14:35 | Build | Farm |
| 14:48 | Build | Market |
| 14:53 | Queue | Villager (Male) |
| 15:47 | Queue | Villager (Male) |
| 16:01 | Build | Farm |
| 16:02 | Build | Farm |
| 16:02 | Build | Farm |
| 16:03 | Build | Farm |
| 16:03 | Build | Farm |
| 16:03 | Build | Farm |
| 16:04 | Build | Farm |
| 16:11 | Queue | Villager (Male) |
| 16:59 | Queue | Villager (Male) |
| 16:59 | Queue | Villager (Male) |
| 17:28 | Research | Castle Age |
| 17:53 | Queue | Trade Cart ×2 |
| 18:13 | Research | Gold Mining |
| 18:13 | Research | Stone Mining |
| 18:33 | Queue | Trade Cart |
| 18:33 | Queue | Trade Cart |
| 18:53 | Queue | Villager (Male) |
| 18:54 | Queue | Villager (Male) |
| 18:55 | Queue | Villager (Male) |
| 18:56 | Queue | Villager (Male) |
| 19:11 | Queue | Trade Cart |
| 19:40 | Queue | Trade Cart |
| 19:52 | Queue | Villager (Male) |
| 20:34 | Queue | Trade Cart |
| 20:35 | Queue | Villager (Male) |
| 20:51 | Research | Forging |
| 20:51 | Research | Scale Barding Armor |
| 20:52 | Research | Fletching |
| 20:53 | Research | Padded Archer Armor |
| 20:53 | Age | Castle Age |
| 21:04 | Build | Town Center |
| 21:08 | Queue | Villager (Male) |
| 21:08 | Queue | Villager (Male) |
| 21:28 | Build | Town Center |
| 21:34 | Research | Gold Shaft Mining |
| 21:36 | Research | Bow Saw |
| 21:48 | Build | Farm |
| 21:50 | Queue | Villager (Male) |
| 21:54 | Queue | Villager (Male) |
| 21:54 | Queue | Villager (Male) |
| 21:54 | Queue | Villager (Male) |
| 21:55 | Queue | Villager (Male) |
| 22:18 | Build | Farm |
| 22:19 | Queue | Villager (Male) |
| 22:38 | Build | Farm |
| 22:40 | Queue | Villager (Male) |
| 22:40 | Queue | Villager (Male) |
| 22:46 | Queue | Villager (Male) |
| 22:49 | Queue | Villager (Male) |
| 22:49 | Queue | Villager (Male) |
| 22:49 | Queue | Villager (Male) |
| 22:50 | Queue | Villager (Male) |
| 23:06 | Queue | Villager (Male) |
| 23:14 | Research | Heavy Plow |
| 23:14 | Research | Heavy Plow |
| 23:37 | Build | Farm |
| 23:42 | Queue | Villager (Male) |
| 23:42 | Queue | Villager (Male) |
| 23:43 | Queue | Villager (Male) |
| 23:44 | Queue | Villager (Male) |
| 23:50 | Queue | Trade Cart |
| 23:52 | Queue | Villager (Male) |
| 23:56 | Queue | Villager (Male) |
| 24:00 | Build | Farm |
| 24:07 | Queue | Villager (Male) |
| 24:09 | Queue | Villager (Male) |
| 24:14 | Queue | Trade Cart |
| 24:20 | Build | Farm |
| 24:40 | Queue | Villager (Male) |
| 24:41 | Queue | Villager (Male) |
| 24:50 | Build | Farm |
| 24:58 | Research | Caravan |
| 25:01 | Queue | Trade Cart |
| 25:02 | Queue | Villager (Male) |
| 25:03 | Queue | Villager (Male) |
| 25:04 | Queue | Villager (Male) |
| 25:12 | Build | Farm |
| 25:34 | Build | Farm |
| 25:36 | Queue | Villager (Male) |
| 25:38 | Queue | Villager (Male) |
| 25:40 | Queue | Villager (Male) |
| 25:46 | Research | Hand Cart |
| 25:53 | Queue | Villager (Male) |
| 25:56 | Queue | Trade Cart |
| 25:57 | Queue | Trade Cart |
Build order — Resident Evil
First 150 of 256 actions detected
| 0:03 | Build | House |
| 0:04 | Build | House |
| 0:05 | Queue | Villager (Male) |
| 0:05 | Queue | Villager (Male) |
| 0:05 | Queue | Villager (Male) |
| 1:02 | Queue | Villager (Male) |
| 1:02 | Queue | Villager (Male) |
| 1:03 | Queue | Villager (Male) |
| 1:03 | Queue | Villager (Male) |
| 1:03 | Queue | Villager (Male) |
| 1:55 | Queue | Villager (Male) |
| 1:55 | Queue | Villager (Male) |
| 1:57 | Build | Lumber Camp |
| 2:16 | Queue | Villager (Male) |
| 2:17 | Queue | Villager (Male) |
| 2:39 | Queue | Villager (Male) |
| 3:07 | Queue | Villager (Male) |
| 3:37 | Queue | Villager (Male) |
| 3:38 | Queue | Villager (Male) |
| 3:46 | Build | House |
| 3:51 | Queue | Villager (Male) |
| 4:28 | Queue | Villager (Male) |
| 4:28 | Queue | Villager (Male) |
| 5:03 | Queue | Villager (Male) |
| 5:35 | Queue | Villager (Male) |
| 5:47 | Build | Mill |
| 6:02 | Queue | Villager (Male) |
| 6:14 | Queue | Villager (Male) |
| 6:17 | Build | House |
| 6:26 | Queue | Villager (Male) |
| 6:51 | Build | Mill |
| 7:18 | Queue | Villager (Male) |
| 7:46 | Queue | Villager (Male) |
| 8:23 | Research | Feudal Age |
| 9:33 | Queue | Villager (Male) |
| 9:33 | Queue | Villager (Male) |
| 10:24 | Build | Mining Camp |
| 10:33 | Age | Feudal Age |
| 10:37 | Research | Double-Bit Axe |
| 10:38 | Research | Horse Collar |
| 10:41 | Build | Mining Camp |
| 11:02 | Build | House |
| 11:05 | Build | House |
| 11:06 | Build | House |
| 11:07 | Build | House |
| 11:08 | Queue | Villager (Male) |
| 11:31 | Queue | Villager (Male) |
| 12:09 | Queue | Villager (Male) |
| 12:09 | Queue | Villager (Male) |
| 12:13 | Build | Farm |
| 12:19 | Queue | Villager (Male) |
| 12:25 | Build | Farm |
| 12:34 | Build | Farm |
| 12:43 | Build | Farm |
| 12:51 | Build | Farm |
| 12:56 | Build | Farm |
| 13:12 | Queue | Villager (Male) |
| 13:12 | Queue | Villager (Male) |
| 13:15 | Build | Farm |
| 13:21 | Build | Farm |
| 13:26 | Queue | Villager (Male) |
| 13:47 | Build | Farm |
| 13:58 | Queue | Villager (Male) |
| 14:11 | Build | Blacksmith |
| 14:46 | Build | Market |
| 14:48 | Queue | Villager (Male) |
| 14:48 | Queue | Villager (Male) |
| 15:02 | Build | Farm |
| 15:04 | Queue | Villager (Male) |
| 15:16 | Queue | Villager (Male) |
| 15:22 | Build | Farm |
| 15:47 | Build | Farm |
| 15:58 | Queue | Villager (Male) |
| 16:05 | Research | Castle Age |
| 16:13 | Build | Farm |
| 16:16 | Build | Farm |
| 16:19 | Queue | Villager (Male) |
| 16:19 | Queue | Villager (Male) |
| 16:19 | Queue | Villager (Male) |
| 17:39 | Research | Stone Mining |
| 17:40 | Research | Gold Mining |
| 18:49 | Age | Castle Age |
| 18:51 | Research | Bow Saw |
| 18:52 | Research | Heavy Plow |
| 19:10 | Build | Town Center |
| 19:15 | Queue | Villager (Male) |
| 19:15 | Queue | Villager (Male) |
| 19:21 | Build | Town Center |
| 19:25 | Queue | Villager (Male) |
| 19:26 | Queue | Villager (Male) |
| 20:04 | Queue | Villager (Male) |
| 20:04 | Queue | Villager (Male) |
| 20:05 | Queue | Villager (Male) |
| 20:05 | Queue | Villager (Male) |
| 20:24 | Build | Lumber Camp |
| 20:29 | Build | Lumber Camp |
| 20:38 | Build | Farm |
| 20:44 | Queue | Villager (Male) |
| 20:45 | Queue | Villager (Male) |
| 20:57 | Build | Farm |
| 21:03 | Build | Farm |
| 21:08 | Build | Farm |
| 21:12 | Queue | Villager (Male) |
| 21:14 | Queue | Villager (Male) |
| 21:15 | Queue | Villager (Male) |
| 21:16 | Queue | Villager (Male) |
| 21:16 | Queue | Villager (Male) |
| 21:26 | Build | Farm |
| 21:31 | Build | Farm |
| 21:34 | Queue | Villager (Male) |
| 21:54 | Build | Farm |
| 21:56 | Build | Farm |
| 21:59 | Queue | Villager (Male) |
| 22:13 | Build | Farm |
| 22:17 | Build | Farm |
| 22:21 | Queue | Villager (Male) |
| 22:22 | Queue | Villager (Male) |
| 22:23 | Queue | Villager (Male) |
| 22:24 | Queue | Villager (Male) |
| 22:40 | Build | House |
| 22:40 | Build | House |
| 22:41 | Build | House |
| 22:43 | Build | House |
| 22:44 | Build | House |
| 22:51 | Build | House |
| 22:52 | Build | House |
| 22:54 | Build | House |
| 22:56 | Build | House |
| 22:58 | Build | House |
| 23:00 | Build | House |
| 23:03 | Research | Town Watch |
| 23:11 | Research | Loom |
| 23:12 | Queue | Villager (Male) |
| 23:12 | Queue | Villager (Male) |
| 23:13 | Queue | Villager (Male) |
| 23:13 | Queue | Villager (Male) |
| 23:14 | Queue | Villager (Male) |
| 23:14 | Queue | Villager (Male) |
| 23:23 | Build | Monastery |
| 23:32 | Queue | Villager (Male) |
| 23:33 | Queue | Villager (Male) |
| 23:43 | Build | Town Center |
| 23:46 | Queue | Villager (Male) |
| 24:07 | Build | Farm |
| 24:09 | Queue | Villager (Male) |
| 24:12 | Build | Farm |
| 24:16 | Build | Farm |
| 24:18 | Queue | Monk |
| 24:18 | Queue | Monk |
| 24:18 | Queue | Monk |
Build order — 肆人帮
First 150 of 220 actions detected
| 0:09 | Build | House |
| 0:11 | Build | House |
| 0:13 | Queue | Villager (Male) ×4 |
| 1:55 | Queue | Villager (Male) |
| 1:55 | Queue | Villager (Male) |
| 1:55 | Queue | Villager (Male) |
| 2:02 | Build | Lumber Camp |
| 2:30 | Queue | Villager (Male) |
| 2:30 | Queue | Villager (Male) |
| 2:30 | Queue | Villager (Male) |
| 3:07 | Queue | Villager (Male) |
| 3:34 | Queue | Villager (Male) |
| 3:34 | Queue | Villager (Male) |
| 3:35 | Queue | Villager (Male) |
| 3:35 | Queue | Villager (Male) |
| 3:51 | Build | Mill |
| 3:59 | Queue | Villager (Male) |
| 3:59 | Queue | Villager (Male) |
| 4:00 | Queue | Villager (Male) |
| 4:12 | Research | Loom |
| 4:12 | Queue | Villager (Male) |
| 4:23 | Build | House |
| 4:57 | Queue | Villager (Male) |
| 4:58 | Queue | Villager (Male) |
| 5:22 | Queue | Villager (Male) |
| 5:23 | Queue | Villager (Male) |
| 5:23 | Queue | Villager (Male) |
| 6:41 | Queue | Villager (Male) |
| 6:41 | Queue | Villager (Male) |
| 6:41 | Queue | Villager (Male) |
| 6:44 | Queue | Villager (Male) |
| 7:09 | Build | House |
| 8:06 | Build | Mining Camp |
| 8:11 | Build | Mining Camp |
| 8:18 | Queue | Villager (Male) |
| 9:00 | Research | Feudal Age |
| 10:16 | Build | Farm |
| 10:53 | Build | Mill |
| 11:10 | Build | House |
| 11:10 | Age | Feudal Age |
| 11:20 | Queue | Villager (Male) |
| 11:20 | Queue | Villager (Male) |
| 11:21 | Queue | Villager (Male) |
| 11:21 | Queue | Villager (Male) |
| 11:21 | Queue | Villager (Male) |
| 11:21 | Queue | Villager (Male) |
| 13:14 | Build | Market |
| 13:22 | Build | Blacksmith |
| 14:49 | Build | Farm |
| 14:51 | Build | Farm |
| 15:11 | Research | Castle Age |
| 15:21 | Build | Farm |
| 15:22 | Build | Farm |
| 15:24 | Build | Farm |
| 15:38 | Build | Farm |
| 15:39 | Build | Farm |
| 15:41 | Build | Farm |
| 15:42 | Build | Farm |
| 17:51 | Age | Castle Age |
| 17:56 | Queue | Villager (Male) |
| 17:56 | Queue | Villager (Male) |
| 17:56 | Queue | Villager (Male) |
| 18:10 | Build | Town Center |
| 18:32 | Build | House |
| 19:28 | Queue | Villager (Male) |
| 19:28 | Queue | Villager (Male) |
| 19:28 | Queue | Villager (Male) |
| 19:28 | Queue | Villager (Male) |
| 19:53 | Build | Town Center |
| 19:55 | Queue | Villager (Male) |
| 19:56 | Queue | Villager (Male) |
| 19:56 | Queue | Villager (Male) |
| 19:56 | Queue | Villager (Male) |
| 20:00 | Build | Farm |
| 20:22 | Build | Farm |
| 20:25 | Build | Farm |
| 20:50 | Build | Farm |
| 21:00 | Research | Double-Bit Axe |
| 21:04 | Research | Horse Collar |
| 21:08 | Research | Gold Mining |
| 21:11 | Research | Stone Mining |
| 21:32 | Build | Castle |
| 21:38 | Build | Farm |
| 21:41 | Queue | Villager (Male) |
| 21:41 | Queue | Villager (Male) |
| 21:41 | Queue | Villager (Male) |
| 21:54 | Queue | Villager (Male) |
| 21:54 | Queue | Villager (Male) |
| 21:54 | Queue | Villager (Male) |
| 22:00 | Queue | Villager (Male) |
| 22:00 | Queue | Villager (Male) |
| 22:00 | Queue | Villager (Male) |
| 22:00 | Queue | Villager (Male) |
| 22:21 | Build | Lumber Camp |
| 22:26 | Build | Farm |
| 22:34 | Build | House |
| 22:45 | Build | Farm |
| 23:24 | Build | House |
| 23:25 | Build | House |
| 23:26 | Build | House |
| 23:27 | Build | House |
| 23:51 | Build | Farm |
| 24:01 | Queue | Villager (Male) |
| 24:02 | Queue | Villager (Male) |
| 24:02 | Queue | Villager (Male) |
| 24:02 | Queue | Villager (Male) |
| 24:11 | Research | Heavy Plow |
| 24:12 | Research | Heavy Plow |
| 24:30 | Build | Farm |
| 24:58 | Build | Farm |
| 25:22 | Build | Town Center |
| 25:34 | Build | House |
| 25:35 | Build | House |
| 25:37 | Build | House |
| 25:38 | Build | House |
| 25:39 | Build | House |
| 25:41 | Build | House |
| 25:42 | Build | House |
| 25:44 | Build | House |
| 25:54 | Research | Imperial Age |
| 26:02 | Queue | Villager (Male) |
| 26:03 | Queue | Villager (Male) |
| 26:03 | Queue | Villager (Male) |
| 26:03 | Queue | Villager (Male) |
| 26:21 | Queue | Trade Cart |
| 26:21 | Queue | Trade Cart |
| 26:46 | Research | Bow Saw |
| 27:21 | Queue | Villager (Male) |
| 27:22 | Queue | Villager (Male) |
| 27:22 | Queue | Villager (Male) |
| 27:22 | Queue | Villager (Male) |
| 27:25 | Build | Farm |
| 27:30 | Build | Farm |
| 27:38 | Queue | Villager (Male) |
| 27:39 | Queue | Villager (Male) |
| 27:39 | Queue | Villager (Male) |
| 27:39 | Queue | Villager (Male) |
| 27:55 | Build | Farm |
| 27:57 | Build | Farm |
| 28:16 | Queue | Villager (Male) |
| 28:16 | Queue | Villager (Male) |
| 28:16 | Queue | Villager (Male) |
| 28:17 | Queue | Villager (Male) |
| 28:21 | Build | Farm |
| 28:42 | Build | Farm |
| 28:59 | Build | Barracks |
| 29:04 | Age | Imperial Age |
| 29:13 | Build | Farm |
| 29:20 | Build | Farm |
| 29:22 | Build | Farm |
Build order — alexei
First 150 of 345 actions detected
| 0:06 | Build | House |
| 0:10 | Queue | Villager (Male) |
| 0:10 | Queue | Villager (Male) |
| 0:10 | Queue | Villager (Male) |
| 0:11 | Queue | Villager (Male) |
| 0:11 | Queue | Villager (Male) |
| 0:11 | Queue | Villager (Male) |
| 0:37 | Build | House |
| 0:38 | Build | House |
| 0:38 | Build | House |
| 1:32 | Queue | Villager (Male) |
| 1:53 | Queue | Villager (Male) |
| 2:21 | Queue | Villager (Male) |
| 2:43 | Queue | Villager (Male) |
| 2:58 | Queue | Villager (Male) |
| 3:19 | Queue | Villager (Male) |
| 3:39 | Queue | Villager (Male) |
| 4:11 | Queue | Villager (Male) |
| 4:12 | Queue | Villager (Male) |
| 4:12 | Queue | Villager (Male) |
| 4:26 | Build | Mill |
| 4:54 | Queue | Villager (Male) |
| 4:54 | Queue | Villager (Male) |
| 4:54 | Queue | Villager (Male) |
| 5:21 | Build | House |
| 6:02 | Queue | Villager (Male) |
| 6:02 | Queue | Villager (Male) |
| 6:02 | Queue | Villager (Male) |
| 6:22 | Queue | Villager (Male) |
| 6:23 | Queue | Villager (Male) |
| 7:36 | Build | Lumber Camp |
| 8:14 | Research | Feudal Age |
| 8:20 | Queue | Villager (Male) |
| 8:20 | Queue | Villager (Male) |
| 8:20 | Queue | Villager (Male) |
| 8:20 | Queue | Villager (Male) |
| 9:26 | Build | Mill |
| 9:30 | Queue | Villager (Male) |
| 9:30 | Queue | Villager (Male) |
| 9:31 | Queue | Villager (Male) |
| 9:31 | Queue | Villager (Male) |
| 9:44 | Build | House |
| 9:44 | Build | House |
| 9:44 | Build | House |
| 9:45 | Build | House |
| 9:45 | Build | House |
| 9:45 | Build | House |
| 9:45 | Build | House |
| 9:46 | Build | House |
| 9:46 | Build | House |
| 10:00 | Queue | Villager (Male) |
| 10:01 | Queue | Villager (Male) |
| 10:01 | Queue | Villager (Male) |
| 10:24 | Age | Feudal Age |
| 10:30 | Research | Double-Bit Axe |
| 10:56 | Research | Horse Collar |
| 11:12 | Queue | Villager (Male) |
| 11:12 | Queue | Villager (Male) |
| 11:35 | Build | Farm |
| 11:44 | Build | Farm |
| 11:54 | Build | Farm |
| 11:57 | Queue | Villager (Male) |
| 11:57 | Queue | Villager (Male) |
| 11:58 | Queue | Villager (Male) |
| 11:58 | Queue | Villager (Male) |
| 11:59 | Queue | Villager (Male) |
| 12:17 | Queue | Villager (Male) |
| 12:18 | Queue | Villager (Male) |
| 12:47 | Queue | Villager (Male) |
| 12:48 | Queue | Villager (Male) |
| 12:48 | Queue | Villager (Male) |
| 12:48 | Queue | Villager (Male) |
| 12:55 | Build | Farm |
| 13:02 | Build | Farm |
| 13:08 | Build | Farm |
| 13:15 | Build | Farm |
| 13:24 | Build | Farm |
| 13:31 | Build | Farm |
| 13:39 | Build | Farm |
| 13:47 | Build | Farm |
| 13:54 | Queue | Villager (Male) |
| 13:55 | Queue | Villager (Male) |
| 13:55 | Queue | Villager (Male) |
| 13:55 | Queue | Villager (Male) |
| 13:55 | Queue | Villager (Male) |
| 14:22 | Queue | Villager (Male) |
| 14:23 | Queue | Villager (Male) |
| 14:23 | Queue | Villager (Male) |
| 14:23 | Queue | Villager (Male) |
| 14:37 | Build | Blacksmith |
| 14:42 | Build | Market |
| 14:49 | Queue | Villager (Male) |
| 14:49 | Queue | Villager (Male) |
| 15:01 | Build | Farm |
| 15:09 | Build | Farm |
| 15:14 | Build | Farm |
| 15:20 | Queue | Villager (Male) |
| 15:20 | Queue | Villager (Male) |
| 15:20 | Queue | Villager (Male) |
| 15:47 | Queue | Villager (Male) |
| 15:47 | Queue | Villager (Male) |
| 15:57 | Build | Farm |
| 16:10 | Build | Farm |
| 16:14 | Build | Farm |
| 16:14 | Build | Farm |
| 16:16 | Build | Farm |
| 16:16 | Build | Farm |
| 16:16 | Build | Farm |
| 16:17 | Build | Farm |
| 16:20 | Build | Farm |
| 16:21 | Build | Farm |
| 16:21 | Build | Farm |
| 16:21 | Build | Farm |
| 16:30 | Queue | Villager (Male) |
| 16:31 | Queue | Villager (Male) |
| 17:06 | Research | Castle Age |
| 17:06 | Research | Wheelbarrow |
| 17:07 | Queue | Villager (Male) |
| 17:07 | Queue | Villager (Male) |
| 17:08 | Queue | Villager (Male) |
| 17:38 | Build | Mining Camp |
| 18:09 | Build | Stone Wall |
| 18:26 | Build | Stone Wall |
| 18:58 | Build | Barracks |
| 19:09 | Research | Wheelbarrow |
| 19:10 | Queue | Villager (Male) |
| 19:11 | Queue | Villager (Male) |
| 19:11 | Queue | Villager (Male) |
| 19:11 | Queue | Villager (Male) |
| 19:11 | Queue | Villager (Male) |
| 19:12 | Queue | Villager (Male) |
| 19:12 | Queue | Villager (Male) |
| 19:12 | Queue | Villager (Male) |
| 19:16 | Research | Stone Mining |
| 19:46 | Age | Castle Age |
| 19:51 | Build | University |
| 19:58 | Research | Heavy Plow |
| 20:05 | Research | Bow Saw |
| 20:15 | Build | Archery Range |
| 20:16 | Build | Archery Range |
| 20:42 | Queue | Villager (Male) |
| 20:42 | Queue | Villager (Male) |
| 20:53 | Build | Monastery |
| 21:10 | Research | Fortified Wall (upgrade) |
| 21:27 | Build | Lumber Camp |
| 22:23 | Build | Town Center |
| 22:41 | Research | Hand Cart |
| 22:49 | Build | Lumber Camp |
| 23:07 | Build | House |
| 23:07 | Build | House |
Match timeline
| 10:06 | 杀手皇后 · age_up feudal |
| 10:24 | alexei · age_up feudal |
| 10:33 | Resident Evil · age_up feudal |
| 11:08 | POMADA · age_up feudal |
| 11:10 | 肆人帮 · age_up feudal |
| 12:06 | marcselo61280 · age_up feudal |
| 12:19 | ...Patria_y_Vida... · age_up feudal |
| 13:36 | Gothmog · age_up feudal |
| 13:46 | 杀手皇后 · age_up castle |
| 15:07 | 肆人帮 · first_market_sell 100 wood |
| 16:02 | Resident Evil · first_market_buy 100 food |
| 16:03 | Resident Evil · first_market_sell 100 stone |
| 16:49 | marcselo61280 · first_market_buy 100 food |
| 16:59 | alexei · first_market_sell 100 wood |
| 17:27 | ...Patria_y_Vida... · age_up castle |
| 17:51 | 肆人帮 · age_up castle |
| 18:06 | marcselo61280 · first_building Barracks |
| 18:09 | alexei · wall_segment Stone Wall x18 |
| 18:26 | alexei · wall_segment Stone Wall x23 |
| 18:49 | Resident Evil · age_up castle |
| 18:58 | alexei · first_building Barracks |
| 19:45 | marcselo61280 · first_building Stable |
| 19:46 | alexei · age_up castle |
| 20:15 | alexei · first_building Archery Range |
| 20:23 | marcselo61280 · age_up castle |
| 20:35 | marcselo61280 · first_building Castle |
| 20:53 | alexei · first_building Monastery |
| 20:53 | Gothmog · age_up castle |
| 21:32 | 肆人帮 · first_building Castle |
| 21:55 | 杀手皇后 · first_building Monastery |
| 22:37 | POMADA · age_up castle |
| 23:23 | Resident Evil · first_building Monastery |
| 24:23 | marcselo61280 · first_building Siege Workshop |
| 25:26 | ...Patria_y_Vida... · first_building Castle |
| 25:37 | Resident Evil · first_building Castle |
| 25:42 | POMADA · wall_segment Stone Wall x18 |
| 25:48 | 杀手皇后 · first_market_sell 100 wood |
| 26:01 | alexei · first_market_buy 100 stone |
| 26:06 | 杀手皇后 · first_building Castle |
| 26:15 | alexei · first_building Castle |
| 26:19 | marcselo61280 · wall_segment Stone Wall x2 |
| 26:21 | 杀手皇后 · first_building Barracks |
| 26:56 | marcselo61280 · wall_segment Stone Wall x2 |
| 27:08 | POMADA · first_building Barracks |
| 27:17 | 杀手皇后 · first_building Stable |
| 27:40 | Resident Evil · first_building Barracks |
| 27:40 | alexei · wall_segment Stone Wall x11 |
| 28:59 | 肆人帮 · first_building Barracks |
| 29:04 | 肆人帮 · age_up imperial |
| 29:13 | Resident Evil · first_building Archery Range |
| 29:16 | 杀手皇后 · age_up imperial |
| 29:19 | ...Patria_y_Vida... · first_building Barracks |
| 29:34 | Gothmog · first_building Castle |
| 30:08 | 肆人帮 · first_building Archery Range |
| 30:10 | ...Patria_y_Vida... · first_building Siege Workshop |
| 30:22 | ...Patria_y_Vida... · first_building Stable |
| 30:55 | alexei · wall_segment Stone Wall x23 |
| 31:26 | Resident Evil · wall_segment Stone Wall x4 |
| 31:45 | ...Patria_y_Vida... · age_up imperial |
| 32:14 | 肆人帮 · first_building Stable |
| 32:25 | 肆人帮 · first_building Siege Workshop |
| 32:51 | marcselo61280 · age_up imperial |
| 32:52 | Resident Evil · age_up imperial |
| 33:11 | POMADA · wall_segment Stone Wall x14 |
| 33:13 | Gothmog · age_up imperial |
| 33:42 | Gothmog · first_building Siege Workshop |
| 33:48 | Resident Evil · wall_segment Stone Wall x1 |
| 34:41 | alexei · wall_segment Stone Wall x7 |
| 37:18 | alexei · age_up imperial |
| 38:02 | Gothmog · first_building Stable |
| 42:20 | Resident Evil · resign |
[ AI ANALYSIS · 1 CREDIT ]
What really happened in this match?
Wolo.gg analyzes every decision: build order, eco, micro, common mistakes by bracket. Personalized analysis on WhatsApp or Discord in 30 seconds.
Civ guide
Huns
Perfil
Jugador #18357907